 Dungeon Crawl Stone Soup version 0.28.0-53-g5a82cb258f (webtiles) character file.

Game seed: 7853041211750409607

25205 Gabide the Sharpshooter (level 12, -2/93 (103) HPs)
             Began as a Deep Dwarf Hunter on May 21, 2022.
             Was a High Priest of Sif Muna.
             Killed from afar by an orc sorcerer (40 damage)
             ... with a bolt of negative energy
             ... on level 2 of the Orcish Mines on May 22, 2022.
             The game lasted 01:22:34 (14812 turns).

Gabide the Sharpshooter (Deep Dwarf Hunter)        Turns: 14812, Time: 01:22:34

HP:   -2/93 (103)   AC: 19    Str: 19    XL:     12   Next: 87%
MP:   2/2           EV: 10    Int: 12    God:    Sif Muna [*****.]
Gold: 1706          SH:  5    Dex: 21    Spells: 18/18 levels left

rFire   + . .      SeeInvis .   h - +0 broad axe (venom)
rCold   . . .      Faith    .   (no shield)
rNeg    . . .      Spirit   .   A - +4 fire dragon scales
rPois   .          Reflect  +   (no helmet)
rElec   .          Harm     .   (no cloak)
rCorr   .          Rampage  .   E - +2 pair of gloves
Will    +....                   w - +1 pair of boots
Stlth   +.........              l - amulet of reflection
HPRegen 0.00/turn               j - ring of ice
MPRegen 0.08/turn               m - +6 ring of dexterity

@: spiked, drained
A: damage resistance, heal wounds, sense surroundings 2, no regeneration
a: Heal Wounds, Renounce Religion, Channel Magic, Forget Spell, Divine Exegesis


You were on level 2 of the Orcish Mines.
You worshipped Sif Muna.
Sif Muna was extremely pleased with you.
You visited 2 branches of the dungeon, and saw 15 of its levels.
You also visited: Gauntlet.

You collected 1862 gold pieces.
You spent 156 gold pieces at shops.

Inventory:

Hand Weapons
 a - the +4 triple crossbow "Kuedev" {elec, rF+ rN+ Dex-4}
   (You acquired it on level 7 of the Dungeon)

   Any ammunition fired from it occasionally discharges a powerful burst of
   electricity upon striking a foe.
   Dex:       It affects your dexterity (-4).
   rF:        It protects you from fire.
   rN:        It protects you from negative energy.
 d - a +5 scimitar
 e - a +0 arbalest
 h - a +0 broad axe of venom (weapon)
 q - a +1 hand axe of freezing
 r - a +4 hand crossbow of flaming
Armour
 b - an orb of guile
 o - an orb of energy
 w - a +1 pair of boots (worn)
 A - +4 fire dragon scales (worn)
 E - a +2 pair of gloves (worn)
Jewellery
 c - a ring of ice
 j - a ring of ice (left hand)
 l - an amulet of reflection (around neck)
 m - a +6 ring of dexterity (right hand)
 n - an amulet of the acrobat
 y - a ring of protection from fire
 N - a ring of flight
 O - an amulet of guardian spirit
Wands
 f - a wand of digging (3)
 u - a wand of iceblast (4)
Scrolls
 x - 5 scrolls of magic mapping
 z - 4 scrolls of vulnerability
 B - 2 scrolls of brand weapon
 C - 2 scrolls of amnesia
 I - a scroll of noise
 L - 2 scrolls of blinking
Potions
 g - 2 potions of attraction
 i - 3 potions of degeneration
 k - 2 potions of brilliance
 v - a potion of mutation
 K - a potion of magic


   Skills:
 - Level 5.0 Fighting
 - Level 10.0 Axes
 - Level 17.1 Crossbows
 - Level 5.0 Armour
 - Level 2.1 Dodging
 - Level 1.2 Stealth
 + Level 3.5 Spellcasting
 * Level 12.6 Invocations


You had 18 spell levels left.
You didn't know any spells.
Your spell library contained the following spells:

 Spells                   Type           Power      Damage    Failure   Level
 Sandblast                Erth           4%         2d4       63%         1
 Shock                    Conj/Air       8%         1d3       63%         1
 Summon Small Mammal      Summ           8%         N/A       63%         1
 Ensorcelled Hibernation  Hex/Ice        6%         N/A       77%         2
 Passwall                 Tmut/Erth      1%         N/A       77%         2
 Call Canine Familiar     Summ           2%         N/A       94%         3
 Dazzling Flash           Conj/Hex       4%         N/A       94%         3
 Gell's Gravitas          Tloc           2%         N/A       94%         3
 Lesser Beckoning         Tloc           2%         N/A       94%         3
 Mephitic Cloud           Conj/Pois/Air  2%         N/A       94%         3
 Portal Projectile        Hex/Tloc       4%         N/A       94%         3
 Stone Arrow              Conj/Erth      4%         3d7       94%         3
 Swiftness                Air            2%         N/A       94%         3
 Teleport Other           Tloc           2%         N/A       94%         3
 Airstrike                Air            1%         N/A       100%        4
 Animate Armour           Summ/Erth      4%         N/A       100%        4
 Fulminant Prism          Conj/Hex       1%         3d6       100%        4
 Leda's Liquefaction      Hex/Erth       1%         N/A       100%        4
 Passage of Golubria      Tloc           2%         N/A       100%        4
 Summon Ice Beast         Ice/Summ       3%         N/A       100%        4
 Summon Lightning Spire   Summ/Air       2%         N/A       100%        4
 Borgnjor's Vile Clutch   Necr/Erth      1%         N/A       100%        5
 Excruciating Wounds      Necr           1%         N/A       100%        5
 Lightning Bolt           Conj/Air       1%         1d12      100%        5
 Silence                  Hex/Air        1%         N/A       100%        5
 Dispersal                Tloc           1%         N/A       100%        6
 Simulacrum               Ice/Necr       1%         N/A       100%        6
 Storm Form               Tmut/Air       1%         N/A       100%        7
 Lehudib's Crystal Spear  Conj/Erth      1%         10d2      100%        8
 Maxwell's Capacitive Co  Air            1%         ∞         100%        8


Dungeon Overview and Level Annotations

Branches:
Dungeon (13/15)            Temple (0/1) D:6            Lair (0/6) D:9
    Orc (2/2) D:11            Elf (0/3) Orc:2        Vaults (0/5) D:13
Gauntlet (visited)

Altars:
Ashenzari
Kikubaaqudgha
Ru
Sif Muna
Trog
Uskayaw
Vehumet
Wu Jian
Zin
The Shining One
Beogh

Shops:
D:2 =   D:6 *   Orc:1 [   Orc:2 (?*!


Innate Abilities, Weirdness & Mutations

You are resistant to damage.
You can heal yourself by infusing magical energy.
You passively map the area around you.
You do not regenerate.


Message History

[Y]es or [N]o only, please.
The barbs in your skin will harm you if you move.
Continue?
Okay, then.
The barbs in your skin will harm you if you move.
Continue?
Okay, then.
You're too confused to attack without stumbling around!
You're too confused to attack without stumbling around!
The barbs in your skin will harm you if you move.
Continue?
The barbed spikes dig painfully into your body as you move.
There is an entrance to Kayrph's Weapon Shop here.
You miss the orc sorcerer.
The orc sorcerer is lightly wounded.
The red devil hits you from afar with a +0 trident!
Barbed spikes become lodged in your body.
The orc sorcerer hits you but does no damage.
You bump into the stone wall.
The red devil hits you from afar with a +0 trident.
Barbed spikes become lodged in your body.
You bump into the stone wall.
You feel less confused. You block the red devil's attack.
The orc sorcerer barely misses you. Something hits you but does no damage.
You slash something! You hit the orc sorcerer.
The red devil hits you from afar with a +0 trident.
Barbed spikes become lodged in your body.
The orc sorcerer hits you but does no damage.
Something hits you but does no damage.
You barely miss the orc sorcerer.
The orc sorcerer is lightly wounded.
You closely miss something. Sif Muna accepts your kill.
Reactivating autopickup.
You feel a bit more experienced. The red devil barely misses you.
The orc sorcerer hits you but does no damage.
You barely miss the orc sorcerer.
The orc sorcerer is lightly wounded.
You block the red devil's attack. The orc sorcerer casts a spell at you.
The bolt of negative energy hits you!!!
You feel drained.
You die...

, *.... ,,,,.... *......#
* ,... , ,... , #....#.
*. ,..#####.. #...#.. ..
, ..#.#.. . #...*#. ....,
..... ...,#.. ##.
....###...###...,#.###..
, #..#...4.#..#,.#.##...
*,*
##...#∩#...##..#.#.... *
#....@o∩....#..#......
#..##...#∩#...##..#.#....
#..#..#.....#..#..#.#....
#....###...###....#).....
#.....#.....#.....#.#.##.
#.......#.#.......#.####.
#......#####...)..#......
*,
#...............##).....
,*#..)..........##.......


You could see an orc sorcerer and a red devil (summoned).

Vanquished Creatures
  A minotaur (Gauntlet)
  Snorg (D:11)
  A hydra (D:12)
  Erica (Orc:1)
  5 two-headed ogres
  An orc high priest (Orc:2)
  Urug (D:11)
  A deep elf pyromancer (D:12)
  4 cyclopes
  An ugly thing (D:13)
  2 orc sorcerers (Orc:2)
  A manticore (D:12)
  A smoke demon (Gauntlet)
  A gargoyle (D:6)
  2 kobold demonologists (D:11)
  A red devil (Gauntlet)
  2 trolls (Orc:1)
  9 slime creatures
  4 wyverns
  A vampire (D:12)
  A shadow (D:12)
  2 wraiths (D:12)
  A basilisk (D:13)
  A human (D:11)
  3 hogs (D:11)
  2 yaks
  A steam dragon (D:8)
  4 vampire mosquitoes (D:12)
  An acid dragon (D:11)
  2 water moccasins
  19 orc warriors
  An ice beast (D:8)
  2 sky beasts
  2 black bears
  2 necrophages
  6 centaurs
  3 ogres
  2 phantoms
  5 kobold brigands
  3 bullfrogs
  A wyvern zombie (D:5)
  2 gnoll sergeants
  A scorpion (D:5)
  A water moccasin skeleton (D:5)
  8 killer bees
  9 wights
  A howler monkey (D:9)
  3 crimson imps (Gauntlet)
  7 centaur zombies
  22 orc priests
  A bullfrog skeleton (D:4)
  2 hounds
  4 jellies
  2 centaur skeletons (D:7)
  An iguana (D:5)
  33 orc wizards
  Terence (D:3)
  3 howler monkey zombies
  8 gnolls
  8 adders
  2 shadow imps
  A white imp (D:3)
  2 ufetubi (D:5)
  2 adder skeletons (D:4)
  2 worms
  2 dart slugs
  66 orcs
  5 ball pythons
  6 bats
  4 endoplasms
  3 giant cockroaches
  5 goblins
  3 hobgoblins
  5 jackals
  3 quokkas
  A frilled lizard (D:6)
  19 kobolds
  4 rats
357 creatures vanquished.

Vanquished Creatures (collateral kills)
  A gnoll sergeant (D:6)
  5 gnolls (D:6)
6 creatures vanquished.

Vanquished Creatures (others)
  3 orc priests (Orc:2)
  4 fungi (Gauntlet)
  20 plants (Gauntlet)
27 creatures vanquished.

Grand Total: 390 creatures vanquished

Notes
Turn   | Place    | Note
-------+----------+-------------------------------------------
     0 | D:1      | Gabide the Deep Dwarf Hunter began the quest for the Orb.
     0 | D:1      | Reached XP level 1. HP: 19/19 MP: 1/1
   592 | D:2      | Reached skill level 5 in Crossbows
   592 | D:2      | Reached XP level 2. HP: 20/26 MP: 2/2
   697 | D:2      | Found Usmixiga's Jewellery Shoppe.
  1011 | D:2      | Reached XP level 3. HP: 25/32 MP: 3/3
  1365 | D:2      | Found a glowing silver altar of Zin.
  1387 | D:2      | Reached skill level 6 in Crossbows
  1713 | D:3      | Reached XP level 4. HP: 39/39 MP: 4/4
  1940 | D:3      | Found a shimmering blue altar of Sif Muna.
  1949 | D:3      | Got Sif Muna's Incunabulum of Companions
  1954 | D:3      | Found a bloodstained altar of Trog.
  1954 | D:3      | Noticed Terence
  1960 | D:3      | Killed Terence
  2077 | D:3      | Became a worshipper of Sif Muna the Loreminder
  2126 | D:3      | Reached skill level 7 in Crossbows
  2126 | D:3      | Reached XP level 5. HP: 45/45 MP: 5/5
  2576 | D:4      | Noticed a centaur
  2579 | D:4      | Killed a centaur
  2580 | D:4      | Reached skill level 8 in Crossbows
  2580 | D:4      | Reached XP level 6. HP: 44/52 MP: 6/6
  2897 | D:4      | Reached * piety under Sif Muna
  3232 | D:4      | Reached skill level 9 in Crossbows
  3232 | D:4      | Reached XP level 7. HP: 48/58 MP: 7/7
  3495 | D:5      | Entered Level 5 of the Dungeon
  4101 | D:5      | Reached skill level 10 in Crossbows
  4101 | D:5      | Reached skill level 1 in Armour
  4138 | D:5      | Found a glowing golden altar of the Shining One.
  4264 | D:5      | Found an ornate altar of the Wu Jian Council.
  4493 | D:5      | Reached ** piety under Sif Muna
  4636 | D:5      | Reached skill level 5 in Armour
  4636 | D:5      | Reached XP level 8. HP: 44/67 MP: 8/8
  4943 | D:6      | Found a radiant altar of Vehumet.
  5037 | D:6      | Found a broken altar of Ashenzari.
  5078 | D:6      | Reached skill level 5 in Fighting
  5101 | D:6      | Reached skill level 1 in Axes
  5146 | D:6      | Found an ancient bone altar of Kikubaaqudgha.
  5179 | D:6      | Noticed a gargoyle
  5342 | D:6      | Found Uticw's CLEARANCE SALE!.
  5380 | D:6      | Bought a book of the Hunter for 156 gold pieces
  5534 | D:6      | Found a staircase to the Ecumenical Temple.
  5622 | D:6      | Killed a gargoyle
  5623 | D:6      | Gained mutation: You passively map the area around you.
                  | [Deep Dwarf growth]
  5623 | D:6      | Reached XP level 9. HP: 49/81 MP: 6/6
  5662 | D:6      | Found a sacrificial altar of Ru.
  5972 | D:7      | Identified a scroll of acquirement
  5972 | D:7      | Acquired the +4 triple crossbow "Kuedev" {elec, rF+ rN+
                  | Dex-4}
  6457 | D:8      | Noticed a +0 spear
  6457 | D:8      | Noticed a +0 spear
  6458 | D:8      | Noticed a +0 dagger
  6460 | D:8      | Noticed a +0 dagger
  6460 | D:8      | Noticed a +0 falchion
  6461 | D:8      | Noticed a +0 short sword
  6462 | D:8      | Noticed a +0 falchion
  6463 | D:8      | Noticed a +0 short sword
  6551 | D:8      | Reached *** piety under Sif Muna
  6724 | D:8      | Reached skill level 10 in Axes
  6740 | D:8      | Found a shimmering blue altar of Sif Muna.
  6770 | D:8      | Reached XP level 10. HP: 29/88 MP: 7/7
  7423 | D:8      | Reached skill level 11 in Crossbows
  7539 | D:8      | Found a hide-covered altar of Uskayaw.
  7617 | D:8      | Reached **** piety under Sif Muna
  7688 | D:9      | Found a staircase to the Lair.
  7906 | D:9      | Reached skill level 12 in Crossbows
  7963 | D:9      | Noticed a two-headed ogre
  7964 | D:9      | Noticed a two-headed ogre
  7969 | D:9      | Killed a two-headed ogre
  7974 | D:9      | Killed a two-headed ogre
  7975 | D:9      | Reached skill level 13 in Crossbows
  8038 | D:9      | Identified the +1 leather armour of Fanaticism {Int+3}
  8458 | D:10     | Entered Level 10 of the Dungeon
  8666 | D:10     | Reached skill level 14 in Crossbows
  8939 | D:10     | Reached XP level 11. HP: 44/94 MP: 5/5
  8965 | D:10     | Reached ***** piety under Sif Muna
  9236 | D:11     | Received a gift from Sif Muna
  9237 | D:11     | Got Vagy's Guide on Air and the Escort {god gift}
  9456 | D:11     | Found a staircase to the Orcish Mines.
  9512 | D:11     | You fall into a shaft and drop 2 floors!
  9512 | D:13     | Noticed an orc knight
  9512 | D:13     | Noticed a vault guard
  9512 | D:13     | Found a gate to the Vaults.
  9515 | D:13     | Noticed a two-headed ogre
  9516 | D:13     | Noticed a green ugly thing
  9518 | D:13     | Killed a two-headed ogre
  9522 | D:13     | Killed a green ugly thing
  9523 | D:13     | Reached skill level 15 in Crossbows
  9558 | D:12     | Found a gate leading to a gauntlet.
  9588 | Gauntlet | Entered a Gauntlet
  9588 | Gauntlet | Found a transporter.
  9598 | Gauntlet | Found a transporter.
  9613 | Gauntlet | Found a transporter.
  9618 | Gauntlet | Found a transporter.
  9632 | Gauntlet | Noticed an obsidian statue
  9633 | Gauntlet | Found a transporter.
  9652 | Gauntlet | Found a transporter.
  9663 | Gauntlet | Noticed a glowing orange brain
  9664 | Gauntlet | Found a transporter.
  9664 | Gauntlet | Noticed a glowing orange brain
  9666 | Gauntlet | Noticed a purple ugly thing
  9676 | Gauntlet | Found a transporter.
  9680 | Gauntlet | Noticed a large abomination
  9688 | Gauntlet | Found a transporter.
  9688 | Gauntlet | Noticed a glowing orange brain
  9693 | Gauntlet | Noticed a glowing orange brain
  9694 | Gauntlet | Noticed a brown ugly thing
  9695 | Gauntlet | Noticed a brown ugly thing
  9696 | Gauntlet | Noticed a death yak
  9697 | Gauntlet | Noticed a death yak
  9697 | Gauntlet | Noticed a death yak
  9698 | Gauntlet | Noticed a death yak
  9699 | Gauntlet | Noticed a death yak
  9700 | Gauntlet | Found a transporter.
  9701 | Gauntlet | Noticed a death yak
  9718 | Gauntlet | Found a transporter.
  9735 | Gauntlet | Found a transporter.
  9739 | Gauntlet | Found a transporter.
  9767 | Gauntlet | Found a transporter.
  9767 | Gauntlet | Found a transporter.
  9769 | Gauntlet | Found a transporter.
  9835 | Gauntlet | Found a transporter.
  9837 | Gauntlet | Found a transporter.
 10032 | Gauntlet | Noticed a sixfirhy
 10039 | Gauntlet | Noticed a sixfirhy
 10123 | Gauntlet | Noticed a minotaur
 10149 | Gauntlet | Killed a minotaur
 10185 | D:12     | Noticed a five-headed hydra
 10192 | D:12     | Noticed a six-headed hydra
 10387 | D:12     | Noticed a deep elf pyromancer
 10393 | D:12     | Killed a deep elf pyromancer
 10394 | D:12     | Reached skill level 16 in Crossbows
 10483 | D:12     | Noticed a two-headed ogre
 10495 | D:12     | Killed a two-headed ogre
 10567 | D:11     | Noticed Snorg
 10688 | D:11     | Killed Snorg
 10689 | D:11     | Reached skill level 17 in Crossbows
 10712 | D:11     | Reached skill level 1 in Invocations
 10772 | D:11     | Noticed a two-headed ogre
 10777 | D:11     | Killed a two-headed ogre
 10902 | D:11     | Reached skill level 5 in Invocations
 10902 | D:11     | Reached XP level 12. HP: 63/103 MP: 2/4
 11260 | D:11     | Noticed Urug
 11263 | D:11     | Killed Urug
 11956 | D:12     | Killed a ten-headed hydra
 12620 | D:12     | Reached skill level 10 in Invocations
 13500 | D:13     | Noticed a vault guard
 13608 | D:12     | Reached skill level 1 in Spellcasting
 13876 | Orc:1    | Entered Level 1 of the Orcish Mines
 14082 | Orc:1    | Found Ympeshrys's Armour Shoppe.
 14320 | Orc:1    | Noticed Erica
 14348 | Orc:1    | Killed Erica
 14408 | Orc:2    | Entered Level 2 of the Orcish Mines
 14412 | Orc:2    | Found a staircase to the Elven Halls.
 14625 | Orc:2    | Noticed an orc high priest
 14640 | Orc:2    | Killed an orc high priest
 14640 | Orc:2    | Received a gift from Sif Muna
 14643 | Orc:2    | Got Sif Muna's Collected Works on Black Secrets and
                  | Malediction {god gift}
 14777 | Orc:2    | Found Russ's General Store.
 14788 | Orc:2    | Found Kayrph's Weapon Shop.
 14796 | Orc:2    | Found Ylung's Magic Scroll Shop.
 14798 | Orc:2    | Found Zesoem's Distillery.
 14812 | Orc:2    | Killed from afar by an orc sorcerer

Illustrated notes

Levels and vault maps discovered:
D:1:      amcnicky_arrival_blooded_trapdoor, layout_basic
D:2:      layout_basic, basic_altar, serial_shops, nicolae_shop_crystal,
          chequers_serial_rivers_micro_a
D:3:      layout_basic, nzn_overflow_gifts_of_might_and_magic
D:4:      layout_basic
D:5:      layout_basic, amcnicky_altar_gilded, mainiacjoe_overflow_tiny_flanked
D:6:      layout_rooms, nicolae_ru_great_annihilating_truth,
          mainiacjoe_overflow_24_doors, mainiacjoe_overflow_small_starburst,
          mainiacjoe_overflow_boulevard, minmay_temple_entry_fiery,
          nicolae_shop_clearance
D:7:      layout_basic, st_stairs_14, minmay_misc_feat_enclosed
D:8:      minmay_the_grid_octo_tiled_squarecenter
          [minmay_the_grid_octo_vomiting_pacman,
          minmay_the_grid_octo_concentric, minmay_the_grid_octo_empty,
          minmay_the_grid_octo_toaster,
          minmay_the_grid_square_5x5_megaprize_hollow,
          minmay_the_grid_square_5x5_plus,
          minmay_the_grid_square_5x5_three_walls,
          minmay_the_grid_square_5x5_inverted_slash,
          minmay_the_grid_square_5x5_pentomino_r], layout_loops_corners,
          nicolae_uskayaw_en_pointe, corexii_checkpoint_b
D:9:      layout_cave_pods, lair_entry_dummy, lemuel_flame_loot_1
D:10:     layout_long_grid, minmay_fountain_box
D:11:     layout_layer_cave, orc_0_dummy, grunt_livestock, uniq_urug, uniq_snorg
D:12:     layout_stronghold, gauntlet_entry_generic
D:13:     layout_cave_pools, grunt_vaults_entry_fortified,
          einodemon_crawler_minivault
Orc:1:    layout_caves, serial_shops, shop, nicolae_orc_lost_temple, uniq_erica
Orc:2:    st_orc_mages, layout_caves, nicolae_orc_stony_grotto

Skill      XL: |  1  2  3  4  5  6  7  8  9 10 11 12 |
---------------+-------------------------------------+-----
Crossbows      | 5 6 7 8 9 10 14 17 | 17.1
Armour         | 5 |  5.0
Fighting       | 5 |  5.0
Axes           | 6 10 | 10.0
Invocations    | 5 12 | 12.6
Spellcasting   | 3 |  3.5
Dodging        | |  2.1
Stealth        | |  1.2

Action                   |  1- 3 |  4- 6 |  7- 9 | 10-12 || total
-------------------------+-------+-------+-------+-------++-------
Melee: Short sword       |     6 |       |       |       ||     6
       Mace              |       |    14 |   154 |       ||   168
       Hand axe          |       |       |    89 |    52 ||   141
       Punch             |       |       |     7 |     7 ||    14
       Scimitar          |       |       |    84 |    14 ||    98
       Broad axe         |       |       |       |   288 ||   288
 Fire: Hand crossbow     |    59 |    67 |    37 |    21 ||   184
       Triple crossbow   |       |       |    38 |   322 ||   360
Throw: Throwing net      |       |       |       |     1 ||     1
 Abil: Heal Wounds       |       |     2 |    13 |    57 ||    72
Evoke: Wand              |       |       |       |    11 ||    11
  Use: Scroll            |     4 |     6 |    19 |    17 ||    46
       Potion            |     1 |     1 |     4 |    14 ||    20
 Stab: Paralysed         |       |       |     1 |     4 ||     5
       Invisible         |       |       |       |     8 ||     8
Armor: Leather armour    |     8 |     9 |    34 |       ||    51
       Fire dragon scale |       |       |   245 |   520 ||   765
       Skin              |       |       |       |    22 ||    22
Dodge: Dodged            |    11 |    18 |   254 |   451 ||   734
Block: Other             |       |       |       |    68 ||    68
       Reflection        |       |       |       |     1 ||     1
